 Dungeon Crawl Stone Soup version 0.26-a0-18-g135ff06667 (webtiles) character file.

Game seed: 10250564590216724445, levelgen mode: deterministic

263529 Essalna the Warrior (level 20, -2/180 HPs)
             Began as a Hill Orc Fire Elementalist on May 24, 2020.
             Was the Champion of Vehumet.
             Shot with an arrow by a deep elf master archer (39 damage)
             ... on level 3 of the Elven Halls on May 25, 2020.
             The game lasted 03:47:24 (60281 turns).

Essalna the Warrior (Hill Orc Fire Elementalist)   Turns: 60281, Time: 03:47:24

Health: -2/180     AC: 15    Str: 14    XL:     20   Next: 42%
Magic:  5/35       EV: 22    Int: 26    God:    Vehumet [******]
Gold:   3581       SH:  7    Dex: 16    Spells: 5/41 levels left

rFire    + . .     SeeInvis +   O - staff of wizardry
rCold    + . .     Gourm    .   Q - +0 buckler
rNeg     . . .     Faith    .   J - +2 robe {rC+ rF+}
rPois    .         Spirit   .   P - +2 helmet {SInv}
rElec    .         Reflect  .   b - +2 cloak {rCorr}
rCorr    +         Harm     .   C - +0 pair of gloves
MR       +....                  r - +0 pair of boots "Girra" {Dex+5}
Stlth    ++........             w - amulet of regeneration
HPRegen  0.80/turn              (no ring)
MPRegen  0.24/turn              M - ring "Jenegeqe" {EV+4 Int+5}

@: engulfed (cannot breathe)
A: no striking features
}: 1/15 runes: decaying
a: Renounce Religion


You were on level 3 of the Elven Halls.
You worshipped Vehumet.
Vehumet was exalted by your worship.
You were hungry.

You visited 6 branches of the dungeon, and saw 31 of its levels.
You visited the Abyss 1 time.
You also visited: Bailey.

You collected 3796 gold pieces.
You spent 215 gold pieces at shops.

Inventory:

Hand Weapons
 F - a +2 dagger of electrocution
Armour
 b - a +2 cloak of preservation (worn)
 l - a +2 robe of magic resistance
 r - the +0 pair of boots "Girra" (worn) {Dex+5}
   (You acquired it on level 15 of the Dungeon)

   It affects your dexterity (+5).
 C - a +0 pair of gloves (worn)
 H - a +1 kite shield of reflection
 J - a +2 robe of resistance (worn)
 P - a +2 helmet of see invisible (worn)
 Q - a +0 buckler (worn)
 Y - the +3 plate armour of the Iron City of Dis {MP+9, unknown}
   (You found it on level 3 of the Elven Halls)

   It affects your magic capacity (+9).
Magical Staves
 O - an uncursed staff of wizardry (weapon)
 S - an uncursed staff of conjuration
Jewellery
 a - an uncursed ring of protection from magic
 k - an uncursed ring of flight
 w - an amulet of regeneration (around neck)
 x - an uncursed ring of magical power
 z - a +6 ring of dexterity
 K - an uncursed ring of protection from magic
 L - an uncursed ring of protection from fire
 M - the ring "Jenegeqe" (right hand) {EV+4 Int+5}
   (You acquired it on level 4 of the Swamp)

   [ring of evasion]

   It affects your evasion (+4).
   It affects your intelligence (+5).
 U - an uncursed ring of magical power
 V - an uncursed ring of stealth
 W - the ring of Propriety {rPois Str+6 Dex+3}
   (You took it off Sonja on level 6 of the Lair of Beasts)

   [ring of strength]

   It affects your strength (+6).
   It affects your dexterity (+3).
   It protects you from poison.
 X - an uncursed ring of positive energy
Wands
 i - a wand of acid (12)
 p - a wand of disintegration (18)
Scrolls
 d - 4 scrolls of enchant armour
 e - 3 scrolls of enchant weapon
 h - a scroll of summoning {unknown}
 m - 2 scrolls of teleportation
 q - 15 scrolls of identify
 t - 19 scrolls of remove curse
 u - 2 scrolls of fear
 y - 7 scrolls of amnesia
 B - 3 scrolls of blinking
 D - 7 scrolls of fog
 G - 4 scrolls of magic mapping
 Z - a scroll of acquirement
Potions
 f - 4 potions of magic
 g - 2 potions of brilliance
 j - 3 potions of flight
 n - 3 potions of mutation
 s - 3 potions of cancellation
 v - a potion of might
 A - 3 potions of stabbing
 E - 4 potions of curing
 I - a potion of berserk rage
 N - 7 potions of haste
 R - a potion of heal wounds
 T - a potion of invisibility
Comestibles
 c - 52 rations


   Skills:
 + Level 15.9 Fighting
 - Level 11.0 Armour
 + Level 8.3 Dodging
 - Level 1.5 Stealth
 + Level 12.1 Shields
 + Level 11.1 Spellcasting
 + Level 13.8 Conjurations
 + Level 9.2 Summonings
 + Level 15.2 Fire Magic
   Level 3.1 Air Magic
 + Level 2.7 Earth Magic


You had 5 spell levels left.
You knew the following spells:

 Your Spells              Type           Power        Failure   Level  Hunger
a - Foxfire               Conj/Fire      ####         0%          1    None
b - Inner Flame           Hex/Fire       ######..     1%          3    None
c - Sticky Flame          Conj/Fire      ######..     1%          4    None
d - Bolt of Magma         Conj/Fire/Erth ######....   1%          5    ###....
e - Spellforged Servitor  Conj/Summ      ######....   3%          7    ######.
f - Lehudib's Crystal Sp  Conj/Erth      ######....   61%         8    #######
g - Ignition              Fire           #######...   6%          8    #######

Your spell library contained the following spells:

 Spells                   Type           Power        Failure   Level  Hunger
 Chain Lightning          Conj/Air       ######....   56%         8    #######
 Absolute Zero            Ice            ##........   100%        9    #######
 Animate Skeleton         Necr           N/A          1%          1    None
 Pain                     Necr           ##..         1%          1    None
 Shock                    Conj/Air       ####         1%          1    None
 Swiftness                Chrm/Air       ###.....     1%          2    None
 Conjure Flame            Conj/Fire      ######..     1%          3    None
 Static Discharge         Conj/Air       ######..     1%          3    None
 Airstrike                Air            ####......   1%          4    None
 Summon Lightning Spire   Summ/Air       #####...     1%          4    None
 Fireball                 Conj/Fire      ######....   1%          5    ###....
 Lightning Bolt           Conj/Air       ######....   1%          5    ###....
 Confusing Touch          Hex            ##......     4%          3    None
 Gell's Gravitas          Tloc           ##........   4%          3    None
 Vampiric Draining        Necr           ##........   4%          3    None
 Petrify                  Tmut/Erth      ###.....     10%         4    None
 Yara's Violent Unravell  Hex/Tmut       ##........   13%         5    ###....
 Animate Dead             Necr           N/A          16%         4    None
 Cause Fear               Hex            ##........   16%         4    None
 Silence                  Hex/Air        ###.......   24%         5    ###....
 Agony                    Necr           ##......     41%         5    ###....
 Metabolic Englaciation   Hex/Ice        ##........   41%         5    ###....
 Conjure Ball Lightning   Conj/Air       ######....   2%          6    #####..
 Discord                  Hex            ##........   100%        8    #######
 Tornado                  Air            ####......   100%        9    #######


Dungeon Overview and Level Annotations

Branches:
Dungeon (15/15)            Temple (1/1) D:4            Lair (6/6) D:10
  Swamp (4/4) Lair:2       Spider (0/4) Lair:3        Slime (0/5) Lair:6
    Orc (2/2) D:11            Elf (3/3) Orc:2        Vaults (0/5) D:13
 Depths (0/5) D:15         Bailey (visited)

Altars:
Ashenzari
Cheibriados
Dithmenos
Elyvilon
Fedhas
Gozag
Hepliaklqana
Kikubaaqudgha
Makhleb
Okawaru
Qazlal
Ru
Sif Muna
Trog
Uskayaw
Vehumet
Wu Jian
Xom
Yredelemnul
The Shining One
Jiyva

Shops:
D:5 *   Orc:2 =(([   Elf:1 ?

Annotations:
D:5 Duvessa
D:15 Roxanne
Lair:5 2 transporters, Quroheng's ghost, journeyman VSWn
Lair:6 exclusion: 2 oklob plants
Elf:1 exclusions: obsidian statue and orange crystal statue


Message History

Your lungs strain for air!
The deep elf master archer shoots an arrow.
The arrow hits you!!
* * * LOW HITPOINT WARNING * * *
The water elemental completely misses you.
You feel much better.
Your lungs strain for air!
The deep elf master archer shoots an arrow.
The arrow hits you!!!
* * * LOW HITPOINT WARNING * * *
The deep elf master archer shoots an arrow.
The arrow hits you!
* * * LOW HITPOINT WARNING * * *
You block the water elemental's attack.
You feel much better.
* * * LOW HITPOINT WARNING * * *
Your lungs strain for air!
The deep elf master archer shoots an arrow.
The arrow hits you!!!
You die...

#....................
#.......^#####........
##.####### ##)#....#
#. #.#..... . ######
#.#...#. # .....#
#.##.##. ####.####
#....... .
#####(......# ####.###
)). #..##@......# #.#
..))*#####.##eE.....#
#.#
..).)..(e..).(......#
####.#
......)###.##)......#
#....# ...)).)
##.##.......# #.####
e....)) #..##.......#
#.# .)....#
#####.####### #.#
.))... ###.......# #.#
))...# #.....###.# #)#


You could see a deep elf master archer (strong) and a water elemental.

Vanquished Creatures
  the Lernaean hydra (Swamp:4)
  A deep elf blademaster (Elf:3)
  A deep elf master archer (Elf:3)
  A thorn hunter (Swamp:2)
  Kirke (Swamp:2)
  2 deep elf sorcerers (Elf:3)
  An orc warlord (Bailey)
  2 deep elf elementalists (Elf:3)
  4 deep elf demonologists (Elf:3)
  Nessos (Lair:5)
  3 deep elf annihilators (Elf:3)
  An ettin (D:15)
  2 deep elf death magi (Elf:3)
  A nameless horror (D:15)
  3 deep elf high priests (Elf:3)
  18 hydras
  3 vault guards (D:13)
  A ghost crab (Swamp:4)
  A shambling mangrove (Swamp:1)
  Erolcha (D:9)
  2 merfolk avatars (Swamp:2)
  A catoblepas (D:14)
  4 centaur warriors
  12 alligators
  6 two-headed ogres
  5 dancing weapons
  A tengu warrior (D:15)
  3 orc high priests
  10 deep elf knights
  Sonja (Lair:6)
  3 spriggan druids
  A wizard (D:14)
  9 swamp dragons
  2 unseen horrors
  8 deep elf archers
  4 orc knights (Orc:2)
  6 orc sorcerers
  5 ugly things
  2 wolf spiders (Lair:6)
  3 cyclopes
  4 manticores
  31 deep elf magi
  9 elephants (Lair:6)
  5 black mambas (Lair:6)
  A guardian serpent (Lair:6)
  An ice statue (D:11)
  3 gargoyles
  4 torpor snails
  Maggie (Lair:1)
  24 spiny frogs
  An efreet (D:13)
  A freezing wraith (D:14)
  10 komodo dragons
  9 tyrant leeches
  9 trolls
  5 ice devils (D:11)
  A tengu conjurer (D:15)
  A queen bee (Lair:2)
  10 slime creatures
  16 polar bears
  10 hornets
  2 raiju (Lair:6)
  33 blink frogs
  3 bog bodies
  A meliai zombie (D:15)
  7 hippogriffs
  An air elemental (Elf:2)
  2 vampires (D:14)
  4 redbacks (Lair:6)
  14 spriggans
  3 wraiths
  4 shadows
  11 wyverns
  65 yaks
  A spriggan (shapeshifter) (Elf:3)
  A hog (shapeshifter) (D:15)
  A fire elemental (Elf:2)
  3 fire bats (Lair:1)
  2 hungry ghosts (D:13)
  A human (Swamp:2)
  7 basilisks
  A hog (Swamp:2)
  10 vampire mosquitoes
  9 swamp worms
  4 wargs (Lair:6)
  An acid dragon (D:12)
  A floating eye (shapeshifter) (D:14)
  15 hell hounds (Lair:6)
  15 porcupines
  24 water moccasins
  30 orc warriors
  A hornet zombie (D:15)
  8 swamp drakes
  4 ice beasts
  13 black bears
  6 sky beasts
  7 ogres
  22 wolves
  A tengu (shapeshifter) (D:15)
  8 boggarts
  2 phantoms
  6 centaurs
  3 necrophages
  15 crocodiles
  4 big kobolds
  Blork the orc (D:4)
  An elf zombie (D:12)
  A wyvern zombie (D:12)
  20 bullfrogs
  Dowan (D:5)
  4 scorpions
  28 killer bees
  An electric eel (Lair:2)
  16 wights
  A howler monkey (D:12)
  8 crimson imps
  A bullfrog zombie (D:10)
  A lava snake (Lair:2)
  4 hounds
  2 centaur zombies
  16 orc priests
  3 human zombies (D:12)
  6 jellies
  31 orc wizards
  Crazy Yiuf (D:2)
  3 bullfrog skeletons
  4 centaur skeletons
  An iguana (D:6)
  Jessica (D:2)
  A human skeleton (D:12)
  11 worker ants
  Ijyb (D:3)
  6 hell rats (Lair:5)
  2 hound zombies
  2 hound skeletons
  3 mummies (D:12)
  6 worker ant zombies
  22 gnolls
  13 adders
  2 shadow imps
  A white imp (D:4)
  7 ufetubi (D:11)
  2 adder zombies
  An adder skeleton (D:5)
  3 worms
  2 dart slugs
  4 leopard geckos
  77 orcs
  4 ball pythons
  2 giant cockroaches (D:1)
  29 goblins
  18 hobgoblins
  8 jackals
  4 quokkas
  10 bats
  5 frilled lizards
  2 goblin skeletons (D:4)
  3 hobgoblin zombies (D:4)
  24 kobolds
  5 orc zombies
  10 rats
  A fungus (Lair:4)
  6 plants
1122 creatures vanquished.

Vanquished Creatures (collateral kills)
  Jorgrun (Swamp:3)
  A thorn hunter (Swamp:1)
  Frances (Swamp:2)
  A deep elf sorcerer (Elf:1)
  A deep elf death mage (Elf:3)
  A vault guard (D:13)
  A shambling mangrove (Swamp:4)
  5 hydras
  2 merfolk avatars (Swamp:2)
  A ghost crab (Swamp:4)
  23 dancing weapons
  An alligator (Swamp:1)
  3 deep elf knights
  A spriggan druid (Swamp:2)
  A swamp dragon (Swamp:4)
  2 deep elf archers
  A wizard (Elf:1)
  An ugly thing (D:14)
  20 deep elf magi
  2 spiny frogs
  A kobold demonologist (Elf:1)
  A slime creature (Swamp:4)
  2 hornets (Swamp:4)
  2 bog bodies
  A meliai zombie (D:13)
  An air elemental (Elf:3)
  A water elemental (Elf:3)
  4 swamp worms
  10 insubstantial wisps
  6 swamp drakes
  A boggart (Elf:1)
  A centaur (D:15)
  A goblin skeleton (D:4)
  A foxfire (Elf:2)
103 creatures vanquished.

Vanquished Creatures (others)
  A slime creature (Swamp:4)
  A spiny frog (shapeshifter) (Elf:3)
  4 ball lightnings (Lair:6)
  4 insubstantial wisps (Swamp:4)
  A jelly (D:13)
  A bush (Lair:6)
  4385 foxfires
  35 fungi
  58 plants
4490 creatures vanquished.

Grand Total: 5715 creatures vanquished

Notes
Turn   | Place    | Note
-------+----------+-------------------------------------------
     0 | D:1      | Essalna the Hill Orc Fire Elementalist began the quest for
                  | the Orb.
     0 | D:1      | Reached XP level 1. HP: 14/14 MP: 3/3
   226 | D:1      | Reached XP level 2. HP: 11/20 MP: 1/4
   654 | D:1      | Found the +5 scythe "Finisher" {speed, eviscerate}
   747 | D:1      | Reached XP level 3. HP: 25/26 MP: 0/6
  1036 | D:2      | Noticed Jessica
  1042 | D:2      | Killed Jessica
  1162 | D:2      | Reached XP level 4. HP: 34/34 MP: 1/7
  1266 | D:2      | Found a blossoming altar of Fedhas.
  1854 | D:2      | Found a runed translucent door.
  1855 | D:2      | Noticed Crazy Yiuf
  1977 | D:2      | You fall into a shaft and drop 1 floor!
  2027 | D:3      | Reached skill level 1 in Fighting
  2030 | D:3      | Reached skill level 1 in Armour
  2275 | D:3      | Reached XP level 5. HP: 40/40 MP: 3/8
  2637 | D:3      | Learned a level 3 spell: Inner Flame
  2642 | D:3      | Learned a level 4 spell: Sticky Flame
  3210 | D:3      | Noticed Ijyb
  3241 | D:3      | Killed Ijyb
  3827 | D:3      | Reached XP level 6. HP: 20/48 MP: 5/9
  4474 | D:4      | Noticed a phantom
  4481 | D:4      | Killed a phantom
  5008 | D:2      | Killed Crazy Yiuf
  5335 | D:4      | Noticed Blork the orc
  5347 | D:4      | Killed Blork the orc
  5347 | D:4      | Reached XP level 7. HP: 46/56 MP: 1/11
  5717 | D:4      | Found a glowing golden altar of the Shining One.
  5722 | D:4      | Reached skill level 5 in Fire Magic
  5964 | D:4      | Found a staircase to the Ecumenical Temple.
  5971 | Temple   | Entered the Ecumenical Temple
  5982 | Temple   | Became a worshipper of Vehumet
  6245 | D:5      | Entered Level 5 of the Dungeon
  7357 | D:5      | Found Gozag's Platinum Reserve.
  7400 | D:5      | Found an opulent altar of Gozag.
  7604 | D:5      | Noticed Duvessa
  7604 | D:5      | Noticed Dowan
  7700 | D:5      | Killed Dowan
  7700 | D:5      | Reached XP level 8. HP: 62/66 MP: 1/12
  8206 | D:6      | Reached * piety under Vehumet
  8206 | D:6      | Offered knowledge of Sandblast by Vehumet.
  9343 | D:7      | Found a bloodstained altar of Trog.
  9416 | D:7      | Found a shimmering blue altar of Sif Muna.
  9772 | D:7      | Reached skill level 5 in Fighting
  9780 | D:7      | Reached XP level 9. HP: 68/74 MP: 3/14
 10225 | D:7      | Offered knowledge of Freeze by Vehumet.
 10225 | D:7      | Reached skill level 5 in Conjurations
 10517 | D:8      | Reached ** piety under Vehumet
 10591 | D:8      | Noticed a two-headed ogre
 10680 | D:8      | Noticed a gargoyle
 11032 | D:8      | Killed a gargoyle
 11319 | D:8      | Found a hide-covered altar of Uskayaw.
 11319 | D:8      | Found a snail-covered altar of Cheibriados.
 11320 | D:8      | Found an ornate altar of the Wu Jian Council.
 11458 | D:8      | Killed a two-headed ogre
 11458 | D:8      | Reached skill level 5 in Dodging
 11458 | D:8      | Reached XP level 10. HP: 78/84 MP: 2/17
 11841 | D:8      | Found an ancient bone altar of Kikubaaqudgha.
 11930 | D:8      | Reached skill level 5 in Spellcasting
 12868 | D:9      | Found a shadowy altar of Dithmenos.
 13335 | D:9      | Noticed Erolcha
 13502 | D:9      | Offered knowledge of Ignite Poison by Vehumet.
 13570 | D:9      | Found a burning altar of Makhleb.
 13909 | D:9      | Killed Erolcha
 14020 | D:9      | Found a hazy altar of Hepliaklqana.
 14392 | D:10     | Entered Level 10 of the Dungeon
 14485 | D:10     | Noticed a two-headed ogre
 14493 | D:10     | Killed a two-headed ogre
 14627 | D:10     | Reached XP level 11. HP: 94/94 MP: 11/19
 14683 | D:10     | Killed an unseen horror
 14846 | D:10     | Reached *** piety under Vehumet
 15717 | D:10     | Found a snail-covered altar of Cheibriados.
 15740 | D:10     | Found a staircase to the Lair.
 15744 | Lair:1   | Entered Level 1 of the Lair of Beasts
 15756 | Lair:1   | Offered knowledge of Olgreb's Toxic Radiance by Vehumet.
 15766 | D:10     | HP: 4/95 [spiny frog (21)]
 16345 | Lair:1   | Noticed Maggie
 16353 | Lair:1   | Killed Maggie
 16579 | Lair:1   | Reached **** piety under Vehumet
 16689 | Lair:1   | Offered knowledge of Stone Arrow by Vehumet.
 17160 | Lair:1   | Reached XP level 12. HP: 32/106 MP: 21/21
 17590 | Lair:1   | Reached skill level 10 in Fire Magic
 17594 | Lair:1   | Reached skill level 10 in Fighting
 18227 | Lair:2   | Noticed a four-headed hydra
 18266 | Lair:2   | Killed a four-headed hydra
 18987 | Lair:2   | Reached skill level 5 in Armour
 19039 | Lair:2   | Reached ***** piety under Vehumet
 19039 | Lair:2   | Offered knowledge of Airstrike by Vehumet.
 20050 | Lair:2   | Found a staircase to the Swamp.
 20202 | Lair:3   | Noticed a four-headed hydra
 20209 | Lair:3   | Killed a four-headed hydra
 20217 | Lair:3   | Noticed a six-headed hydra
 20244 | Lair:3   | Found a hole to the Spider Nest.
 20362 | Lair:3   | Killed a six-headed hydra
 20459 | Lair:3   | Reached XP level 13. HP: 109/115 MP: 6/24
 21749 | Lair:4   | Reached skill level 10 in Conjurations
 23264 | Lair:5   | Noticed Nessos
 24534 | Lair:5   | Offered knowledge of Hailstorm by Vehumet.
 24778 | Lair:5   | Learned a level 6 spell: Conjure Ball Lightning
 24795 | Lair:5   | Found a transporter.
 24804 | Lair:5   | Noticed a dire elephant
 24851 | Lair:5   | Found a transporter.
 25229 | Lair:5   | Reached skill level 1 in Air Magic
 25306 | Lair:5   | Noticed Quroheng's ghost (journeyman VSWn)
 25509 | Lair:5   | Reached XP level 14. HP: 96/126 MP: 15/26
 25699 | Lair:5   | Killed Nessos
 26166 | Lair:6   | Entered Level 6 of the Lair of Beasts
 26194 | Lair:6   | Reached skill level 1 in Shields
 27608 | Lair:6   | Identified the ring of Propriety {rPois Str+6 Dex+3}
 27608 | Lair:6   | Noticed Sonja
 27618 | Lair:6   | Killed Sonja
 28452 | Lair:6   | Offered knowledge of Spellforged Servitor by Vehumet.
 28462 | Lair:6   | Learned a level 7 spell: Spellforged Servitor
 28841 | Lair:6   | Reached skill level 1 in Summonings
 29582 | Lair:6   | Found a viscous altar of Jiyva.
 29583 | Lair:6   | Found a staircase to the Slime Pits.
 30453 | Lair:6   | Got a brightly glowing emerald amulet
 30454 | Lair:6   | Identified the amulet "Udghagre" {Faith Slay+3} (You found
                  | it on level 6 of the Lair of Beasts)
 30737 | Lair:6   | Reached XP level 15. HP: 120/134 MP: 27/27
 33870 | D:11     | Found a staircase to the Orcish Mines.
 33886 | D:11     | Offered knowledge of Lightning Bolt by Vehumet.
 35114 | D:11     | Found an opulent altar of Gozag.
 35444 | Orc:1    | Entered Level 1 of the Orcish Mines
 35683 | Orc:2    | Entered Level 2 of the Orcish Mines
 35917 | Orc:2    | Paralysed by an orc sorcerer for 2 turns
 36957 | Orc:2    | Found Ihups's Armour Shop.
 37603 | Orc:2    | Found Xeosuofo's Weapon Shoppe.
 37609 | Orc:2    | Found Dagarupp's Jewellery Shoppe.
 37611 | Orc:2    | Found Irairr's Weapon Shop.
 37691 | Orc:2    | Bought a +2 helmet of see invisible for 215 gold pieces
 38143 | Orc:2    | Found a staircase to the Elven Halls.
 40881 | D:12     | Reached ****** piety under Vehumet
 41086 | D:12     | Found a basalt altar of Yredelemnul.
 41207 | D:12     | Reached skill level 10 in Armour
 41401 | D:13     | Found an ancient bone altar of Kikubaaqudgha.
 41531 | D:13     | Offered knowledge of Bolt of Magma by Vehumet.
 41538 | D:13     | Learned a level 5 spell: Bolt of Magma
 41570 | D:13     | Found a gate to the Vaults.
 41799 | D:13     | Found a flagged portal.
 41809 | Bailey   | Entered a bailey
 42268 | Bailey   | Noticed an orc warlord
 42301 | Bailey   | Killed an orc warlord
 43271 | D:13     | Reached skill level 5 in Summonings
 43271 | D:13     | Reached XP level 16. HP: 136/145 MP: 16/29
 43614 | D:13     | Offered knowledge of Starburst by Vehumet.
 43679 | D:13     | Learned a level 6 spell: Starburst
 45838 | D:15     | Entered Level 15 of the Dungeon
 45991 | D:15     | Identified Roxanne's Reference Book on Earth
 45991 | D:15     | Noticed Roxanne
 46395 | D:15     | Identified 2 scrolls of acquirement
 46396 | D:15     | Got the +0 pair of boots "Girra" {Dex+5}
 46500 | D:15     | Found a staircase to the Depths.
 47813 | Swamp:1  | Entered Level 1 of the Swamp
 48068 | Swamp:1  | Reached skill level 5 in Shields
 48068 | Swamp:1  | Reached skill level 10 in Spellcasting
 48235 | Swamp:1  | Offered knowledge of Ignition by Vehumet.
 48245 | Swamp:1  | Learned a level 8 spell: Ignition
 48530 | Swamp:1  | Found a shimmering altar of Xom.
 48827 | Swamp:1  | Noticed a thorn hunter
 48835 | Swamp:1  | Killed a thorn hunter
 49292 | Swamp:2  | Noticed Frances
 49301 | Swamp:2  | Killed Frances
 49635 | Swamp:2  | Noticed a thorn hunter
 49645 | Swamp:2  | Killed a thorn hunter
 49922 | Swamp:2  | Noticed Kirke
 49933 | Swamp:2  | Killed Kirke
 50723 | Swamp:2  | Reached XP level 17. HP: 136/154 MP: 12/31
 51177 | Swamp:3  | Reached XP level 18. HP: 161/161 MP: 32/32
 51178 | Swamp:3  | Reached skill level 10 in Shields
 51178 | Swamp:3  | Reached XP level 19. HP: 168/168 MP: 33/33
 51216 | Swamp:3  | Noticed Jorgrun
 51226 | Swamp:3  | Killed Jorgrun
 51940 | Swamp:3  | Got a faintly glowing leather armour
 51941 | Swamp:3  | Identified the cursed +1 leather armour of Calculation
                  | {*Contam rC+ Slay+3} (You found it on level 3 of the Swamp)
 51980 | Swamp:4  | Entered Level 4 of the Swamp
 52142 | Swamp:4  | Offered knowledge of Lehudib's Crystal Spear by Vehumet.
 52142 | Swamp:4  | Offered knowledge of Chain Lightning by Vehumet.
 52142 | Swamp:4  | Offered knowledge of Absolute Zero by Vehumet.
 52321 | Swamp:3  | Learned a level 8 spell: Lehudib's Crystal Spear
 52920 | Swamp:4  | Got the ring "Jenegeqe" {EV+4 Int+5}
 53366 | Swamp:4  | Reached skill level 15 in Fighting
 53429 | Swamp:4  | Noticed the 27-headed Lernaean hydra
 53626 | Swamp:4  | Killed the 27-headed Lernaean hydra
 54472 | Swamp:4  | Got a decaying rune of Zot
 54947 | Elf:1    | Entered Level 1 of the Elven Halls
 55338 | Elf:1    | Cast into level 2 of the Abyss (a deep elf sorcerer)
 55364 | Abyss:2  | Found a corrupted altar of Lugonu.
 55379 | Elf:1    | Escaped the Abyss
 56735 | Elf:1    | Found Kock's Magic Scroll Emporium.
 57129 | Elf:2    | Found a runed translucent gate.
 57551 | Elf:2    | Found a runed translucent gate.
 58019 | Elf:2    | Found a runed translucent gate.
 59076 | Elf:2    | HP: 6/171 [deep elf knight/exploding inner flame[the player
                  | character] (24)]
 59087 | Elf:2    | HP: 6/171 [+3 flail of holy wrath (8)]
 59310 | Elf:2    | Upgraded the game from 0.26-a0-6-g448add79b7 to
                  | 0.26-a0-18-g135ff06667
 59479 | Elf:2    | Reached XP level 20. HP: 164/180 MP: 22/34
 59684 | Elf:3    | Entered Level 3 of the Elven Halls
 59886 | Elf:3    | Got a polished plate armour
 59943 | Elf:3    | Reached skill level 1 in Earth Magic
 60172 | Elf:3    | Reached skill level 15 in Fire Magic
 60281 | Elf:3    | Shot with an arrow by a deep elf master archer

Illustrated notes

Levels and vault maps discovered:
D:1:      dpeg_arrival_pits, layout_rooms, serial_glass, glass_columns_b,
          glass_columns_a, item_on_display_b, feat_on_display, feat_on_display
D:2:      layout_basic, fedhas_altar_2, uniq_jessica, uniq_crazy_yiuf_cottage
D:3:      layout_basic, uniq_ijyb
D:4:      layout_gridville, minmay_temple_entry_statues_fountains, first_ration,
          nicolae_tso_besieged_by_evil, uniq_blork_the_orc
D:5:      layout_loops_ring, nicolae_gozag_zags_fifth_avenue, uniq_duvessa
D:6:      layout_loops_cross, minmay_misc_feat_alley
D:7:      layout_loops_cross, lightli_temple_of_fire, led_sif_book
D:8:      layout_layer_cave, kennysheep_little_box,
          gammafunk_temple_overflow_claw, chequers_serial_rivers_marsh
D:9:      layout_basic, nicolae_dithmenos_through_a_glass_darkly,
          overflow_temple_1_default, makhleb_grotto_becter, blue_anna_alchemist
          [blue_anna_fruit_fields, blue_anna_fruit_fields], uniq_erolcha
D:10:     layout_loops_ring, lair_entry_dummy, cheibriados_altar_1
D:11:     cheibrodos_frozen_isle, layout_loops_ring, david_orc_2, basic_altar
D:12:     layout_roguey, lemuel_mausoleum_altar_yredelemnul
D:13:     layout_roguey, lightli_vaults_fourway_checkpoint, enter_bailey_3,
          serial_glass, glass_columns_a, glass_columns_a, basic_altar
D:14:     minmay_polygon_palace, layout_irregular_city,
          minmay_misc_feat_more_columns
D:15:     hangedman_depths_entry_civil_slaughter, layout_small_grid,
          fountainhead, uniq_roxanne
Temple:   cyrus_circular_temple
Lair:1:   layout_gridlike, nicolae_volcano_entry_batcave,
          chequers_serial_rivers_small_a, grunt_megastairs_5, uniq_maggie
Lair:2:   layout_gridlike, minmay_swamp_entry_worms, special_room
          [special_room_bee], lemuel_fruit_tree, grunt_megastairs_4,
          lemuel_fruit_fields
Lair:3:   layout_misc_corridors, dummy_spider_entry, cheibrodos_lair_lostbears,
          grunt_megastairs_1
Lair:4:   layout_layer_cave
Lair:5:   kb_forest_paths, layout_long_grid, gammafunk_ghost_berserking_beasts,
          chequers_serial_rivers_micro_d, st_stairs_6, uniq_nessos
Lair:6:   hangedman_lair_caniforms_friends, layout_regular_city,
          hangedman_lair_tendril_chambers, slime_altar_1,
          minmay_lair_oklob_chamber, uniq_sonja
Swamp:1:  layout_falls_marsh, lemuel_altar_in_water, swamp_pool3
Swamp:2:  layout_falls_marsh, hangedman_swamp_ruin_hall, grunt_lady_of_the_lake,
          uniq_kirke, uniq_frances
Swamp:3:  layout_basic_swamp, evilmike_swamp_ruin_rubble_1,
          infiniplex_staircase_pool, uniq_jorgrun
Swamp:4:  swamp_old_school, layout_basic_swamp
Orc:1:    layout_caves
Orc:2:    st_orc_elflike, layout_caves
Elf:1:    minmay_elf_arrival_circle, layout_loops_corners, serial_shops,
          shop_fountains, hangedman_elf_disciples, david_greed
Elf:2:    layout_onion_city, roderic_roman_lattice
Elf:3:    minmay_elf_hall_quartered_circle, layout_loops_cross, serial_shops,
          shop_statue, eino_tiny_chamber

Skill      XL: |  1  2  3  4  5  6  7  8  9 10 11 12 13 14 15 16 17 18 19 20 |
---------------+-------------------------------------------------------------+-----
Spellcasting   | 2 3 4 5 6 7 8 9 10 11 | 11.1
Conjurations   | 2 3 4 6 7 8 9 10 11 12 13 | 13.8
Fire Magic     | 4 5 6 7 8 9 10 11 12 13 14 15 | 15.2
Fighting       | 1 2 3 5 6 8 9 10 12 13 14 15 | 15.9
Armour         | 1 2 3 4 5 7 9 10 11 | 11.0
Dodging        | 2 3 5 6 7 8 |  8.3
Air Magic      | 1 3 |  3.1
Shields        | 4 6 8 10 11 12 | 12.1
Summonings     | 2 5 6 8 9 |  9.2
Earth Magic    | 2 |  2.7
Stealth        | |  1.5

Action                   |  1- 3 |  4- 6 |  7- 9 | 10-12 | 13-15 | 16-18 | 19-21 || total
-------------------------+-------+-------+-------+-------+-------+-------+-------++-------
Melee: Dagger            |     6 |    77 |       |       |   157 |   102 |       ||   342
       Quarterstaff      |       |       |   107 |     5 |       |       |       ||   112
       Whip              |       |       |       |   157 |   318 |       |       ||   475
       Staff             |       |       |       |       |    52 |    10 |    89 ||   151
 Cast: Foxfire           |    50 |   135 |   333 |   475 |  1254 |   378 |   273 ||  2898
       Inner Flame       |       |       |     3 |    57 |   162 |    78 |    80 ||   380
       Sticky Flame      |       |       |     4 |    45 |   167 |    43 |    56 ||   315
       Conjure Ball Ligh |       |       |       |       |     2 |       |       ||     2
       Bolt of Magma     |       |       |       |       |     5 |    31 |    69 ||   105
       Spellforged Servi |       |       |       |       |     1 |    12 |    36 ||    49
       Starburst         |       |       |       |       |       |     6 |       ||     6
       Ignition          |       |       |       |       |       |       |    12 ||    12
Evoke: Wand              |       |       |       |       |    11 |       |       ||    11
  Use: Potion            |       |     5 |     4 |     1 |     9 |     4 |     6 ||    29
       Scroll            |       |    10 |     4 |       |     4 |    15 |     8 ||    41
 Stab: Sleeping          |       |     3 |     4 |     2 |     2 |     1 |     1 ||    13
       Paralysed         |       |       |     1 |       |       |       |       ||     1
  Eat: Chunk             |     2 |    12 |    10 |    23 |    56 |    14 |    38 ||   155
       Ration            |       |       |     3 |     3 |     6 |     7 |     6 ||    25
Armor: Robe              |     2 |    14 |    51 |   115 |   257 |    79 |    63 ||   581
       Skin              |       |     9 |       |       |       |       |       ||     9
Dodge: Dodged            |     7 |    55 |   104 |   223 |   781 |   176 |   254 ||  1600
Block: Buckler           |       |       |       |       |   160 |    63 |   111 ||   334

Table legend:
 A = Non-vault XP
 B = Vault XP
 C = Vault XP percentage of total XP
 D = Non-vault monster count
 E = Vault monster count
 F = Vault count percentage of total count
                 A         B        C        D         E       F
            +---------+---------+-------+---------+---------+-------
      Total |  168656 |  134176 |  44.3 |     790 |     429 |  35.2
            +---------+---------+-------+---------+---------+-------
        D:1 |      39 |       0 |   0.0 |      21 |       0 |   0.0
        D:2 |      35 |      76 |  68.5 |      14 |       2 |  12.5
        D:3 |     179 |      33 |  15.6 |      35 |       1 |   2.8
        D:4 |     327 |     115 |  26.0 |       6 |      11 |  64.7
        D:5 |     477 |      69 |  12.6 |      27 |       1 |   3.6
        D:6 |     558 |       0 |   0.0 |      12 |       0 |   0.0
        D:7 |     936 |      75 |   7.4 |      25 |       2 |   7.4
        D:8 |    2419 |       0 |   0.0 |      26 |       0 |   0.0
        D:9 |    1603 |    1075 |  40.1 |      26 |       3 |  10.3
       D:10 |    3343 |       0 |   0.0 |      37 |       0 |   0.0
       D:11 |    2432 |    2435 |  50.0 |      24 |      21 |  46.7
       D:12 |    3754 |     664 |  15.0 |      24 |      14 |  36.8
       D:13 |    6695 |    5823 |  46.5 |      33 |      13 |  28.3
       D:14 |    7257 |    6221 |  46.2 |      31 |      19 |  38.0
       D:15 |    5085 |    4216 |  45.3 |      15 |       6 |  28.6
     Lair:1 |    8393 |    1128 |  11.8 |      37 |       5 |  11.9
     Lair:2 |    6250 |    2287 |  26.8 |      28 |      28 |  50.0
     Lair:3 |    5646 |    2440 |  30.2 |      20 |       6 |  23.1
     Lair:4 |    7184 |       0 |   0.0 |      35 |       0 |   0.0
     Lair:5 |    7606 |    5796 |  43.2 |      40 |      19 |  32.2
     Lair:6 |   13483 |   22029 |  62.0 |      39 |      99 |  71.7
    Swamp:1 |   11123 |       0 |   0.0 |      27 |       0 |   0.0
    Swamp:2 |   13788 |    3307 |  19.3 |      31 |       3 |   8.8
    Swamp:3 |    5312 |    1566 |  22.8 |      12 |       1 |   7.7
    Swamp:4 |   13079 |   18310 |  58.3 |      39 |      25 |  39.1
      Orc:1 |    2333 |    1368 |  37.0 |      28 |       2 |   6.7
      Orc:2 |    3058 |    6986 |  69.6 |      29 |      23 |  44.2
      Elf:1 |   12377 |    4613 |  27.2 |      22 |      13 |  37.1
      Elf:2 |   11303 |   13980 |  55.3 |      22 |      27 |  55.1
      Elf:3 |   12582 |   26096 |  67.5 |      25 |      19 |  43.2
     Bailey |       0 |    3468 | 100.0 |       0 |      66 | 100.0
            +---------+---------+-------+---------+---------+-------
